 Dungeon Crawl Stone Soup version 0.27.0-1-g7a089689b8 (webtiles) character file.

Game seed: 6196613034989076445

80 backslashecho the Chopper (level 4, -1/34 HPs)
             Began as a Demonspawn Gladiator on Aug 8, 2021.
             Slain by Sigmund (10 damage)
             ... on level 2 of the Dungeon.
             The game lasted 00:05:49 (1588 turns).

backslashecho the Chopper (Demonspawn Gladiator)    Turns: 1588, Time: 00:05:50

Health: -1/34      AC:  6    Str: 15    XL:     4   Next: 18%
Magic:  4/4        EV: 12    Int: 10    God:
Gold:   59         SH:  0    Dex: 14    Spells: 3/3 levels left

rFire    . . .     SeeInvis .   a - +0 war axe
rCold    . . .     Faith    .   (no shield)
rNeg     . . .     Spirit   .   b - +0 leather armour
rPois    .         Reflect  .   c - +0 helmet
rElec    .         Harm     .   (no cloak)
rCorr    .         Rampage  .   (no gloves)
Will     .....                  (no boots)
Stlth    +.........             (no amulet)
HPRegen  0.11/turn              (no ring)
MPRegen  0.09/turn              (no ring)

@: hasted, very quick
A: molten scales 1
a: no special abilities


You were on level 2 of the Dungeon.
You visited 1 branch of the dungeon, and saw 2 of its levels.

You collected 59 gold pieces.

Inventory:

Hand Weapons
 a - a +0 war axe (weapon)
Armour
 b - a +0 leather armour (worn)
 c - a +0 helmet (worn)
Scrolls
 f - a scroll of amnesia {unknown}
 g - a scroll of identify {unknown}
 h - a scroll of teleportation {unknown}


   Skills:
 + Level 2.7 Fighting
 * Level 3.6 Axes
 - Level 1.7 Throwing
 + Level 1.4 Armour
 - Level 2.6 Dodging
 - Level 1.0 Unarmed Combat


You had 3 spell levels left.
You didn't know any spells.
Your spell library was empty.

Dungeon Overview and Level Annotations

Branches:
Dungeon (2/15)

Altars:

Shops:
D:1 [

Annotations:
D:2 exclusion: adder, Sigmund


Innate Abilities, Weirdness & Mutations

You are partially covered in molten scales. (AC +2)


Message History

Sigmund closely misses you.
Unknown command.
Throw: throwing net
Press: ? - help, Q - select action Shift-Dir - straight line, f - Sigmund, p - bat
Aim: Sigmund, wielding a +0 scythe and wearing a +0 robe (lightly wounded, 55% to hit)
You throw a throwing net. The throwing net hits Sigmund.
Sigmund is caught in the net!
Sigmund is lightly wounded.
The bat hits you but does no damage.
Sigmund struggles against the net.
You hit Sigmund but do no damage.
Sigmund is lightly wounded.
The bat hits you but does no damage.
You hit Sigmund.
Sigmund is lightly wounded.
The bat closely misses you.
Sigmund is suddenly surrounded by pale red light.
Sigmund mumbles some strange words.
Sigmund flickers and vanishes!
Deactivating autopickup; reactivate with Ctrl-A.
Something wriggles in the net.
The bat misses you.
You hit something. You slash the bat!
You kill the bat!
You barely miss something.
Something wriggles in the net.
You barely miss something.
Something wriggles in the net.
You barely miss something.
You hear some strange, mumbled words.
A magic dart appears from out of thin air!
The magic dart hits you.
Something wriggles in the net.
All of a sudden the net rips apart!
You take 5 damage, and have 21/34 hp.
You closely miss something. You hit something. You closely miss something.
Something hits you.
You barely miss something. Something hits you.
You take 2 damage, and have 19/34 hp.
You miss something. Something hits you!
* * * LOW HITPOINT WARNING * * *
You take 10 damage, and have 9/34 hp.
MASSIVE DAMAGE!!
You miss something. Something hits you!
You die...

#. #.# ###. #.#
#... #.. #... #.#
#... #.# ##.#
#.######.#### #..
##.†...........##.#
#.@{...... #.....#
#.#######. ..##<#
#.# # #.. #.# ###
#.# #.# ## #.# ..
#.# #.#


There were no monsters in sight!

Vanquished Creatures
  2 adders (D:2)
  2 dart slugs (D:2)
  4 endoplasms
  4 giant cockroaches
  5 goblins
  4 hobgoblins
  7 jackals
  2 quokkas
  5 ball pythons
  A ball python skeleton (D:2)
  5 bats
  A frilled lizard (D:1)
  A jackal skeleton (D:2)
  4 kobolds
  A quokka zombie (D:2)
  2 rats
50 creatures vanquished.

Notes
Turn   | Place    | Note
-------+----------+-------------------------------------------
     0 | D:1      | backslashecho the Demonspawn Gladiator began the quest for
                  | the Orb.
     0 | D:1      | Reached XP level 1. HP: 16/16 MP: 1/1
   113 | D:1      | Gained mutation: You are partially covered in molten
                  | scales. (AC +2) [demonic ancestry]
   113 | D:1      | Reached XP level 2. HP: 22/22 MP: 2/2
   125 | D:1      | Found Baili's Antique Armour Emporium.
   149 | D:1      | Reached skill level 3 in Axes
   461 | D:1      | Reached XP level 3. HP: 27/28 MP: 3/3
   674 | D:1      | Reached skill level 1 in Armour
   820 | D:2      | Reached skill level 1 in Unarmed Combat
  1067 | D:2      | Found a faded altar of an unknown god.
  1182 | D:2      | Reached XP level 4. HP: 14/34 MP: 4/4
  1571 | D:2      | Noticed Sigmund
  1588 | D:2      | Slain by Sigmund

Illustrated notes

Levels and vault maps discovered:
D:1:      lightli_arrival_noodles, layout_loops_ring, serial_shops,
          shop_fountains
D:2:      layout_loops_ring, serial_undead, serial_undead_e, serial_undead_f,
          serial_undead_a, serial_undead_b, ebering_ecumenical_altar_hall,
          uniq_sigmund

Skill      XL: |  1  2  3 |
---------------+----------+-----
Axes           | 3 |  3.6
Armour         | 1 |  1.4
Unarmed Combat | 1 |  1.0
Fighting       | |  2.7
Throwing       | |  1.7
Dodging        | |  2.6

Action                   |  1- 3 |  4- 6 || total
-------------------------+-------+-------++-------
Melee: War axe           |   133 |    22 ||   155
Throw: Throwing net      |     1 |     2 ||     3
  Use: Potion            |     5 |     1 ||     6
Armor: Leather armour    |    60 |    10 ||    70
Dodge: Dodged            |    97 |    15 ||   112
